 Dungeon Crawl Stone Soup version 0.28.0 (webtiles) character file.

Game seed: 8045791053706849536

334 HallandMoats the Skirmisher (level 6, -4/50 HPs)
             Began as a Demonspawn Fighter on Feb 6, 2022.
             Slain by Grinder (5 damage)
             ... on level 3 of the Dungeon.
             The game lasted 00:05:35 (2708 turns).

HallandMoats the Skirmisher (Demonspawn Fighter)    Turns: 2708, Time: 00:05:36

Health: -4/50      AC:  8    Str: 19    XL:     6   Next: 27%
Magic:  8/8        EV: 10    Int:  9    God:
Gold:   23         SH:  0    Dex: 12    Spells: 5/5 levels left

rFire   . . .      SeeInvis .     - Unarmed
rCold   + . .      Faith    .   (no shield)
rNeg    . . .      Spirit   .   b - +0 scale mail
rPois   .          Reflect  .   (no helmet)
rElec   .          Harm     .   (no cloak)
rCorr   .          Rampage  .   (gloves unavailable)
Will    .....                   (no boots)
Stlth   ..........              (no amulet)
HPRegen 0.16/turn               h - ring of protection from cold
MPRegen 0.11/turn               (no ring)

@: no status effects
A: claws 3, rugged brown scales 2
a: no special abilities


You were on level 3 of the Dungeon.
You visited 1 branch of the dungeon, and saw 3 of its levels.

You collected 184 gold pieces.
You spent 161 gold pieces at shops.

Inventory:

Armour
 b - a +0 scale mail (worn)
 c - a +0 buckler
Jewellery
 h - a ring of protection from cold (left claw)
 k - a ring of ice
Potions
 e - a potion of mutation {unknown}


   Skills:
 + Level 3.8 Fighting
 - Level 1.9 Axes
 + Level 3.5 Armour
 + Level 1.9 Dodging
 + Level 3.3 Shields
 * Level 2.7 Unarmed Combat
 + Level 2.8 Invocations


You had 5 spell levels left.
You didn't know any spells.
Your spell library was empty.

Dungeon Overview and Level Annotations

Branches:
Dungeon (3/15)

Altars:

Shops:
D:1 *   D:3 (

Annotations:
D:3 Grinder


Innate Abilities, Weirdness & Mutations

You have claws for hands.
You are mostly covered in rugged brown scales. (AC +2, +5% HP)


Message History

You are too injured to fight recklessly!
You are too injured to fight recklessly!
You are too injured to fight recklessly!
You are too injured to fight recklessly!
You are too injured to fight recklessly!
You scratch Grinder but do no damage. Your claw misses Grinder.
Grinder is severely wounded.
Grinder gestures at you.
You suddenly lose the ability to move!
Grinder hits you.
You writhe in agony.
Grinder hits you but does no damage. Grinder hits you!
* * * LOW HITPOINT WARNING * * *
You writhe in agony.
* * * LOW HITPOINT WARNING * * *
Grinder blinks!
You can move again.
Unknown command.
Unknown command.
Unknown command.
You feel better. Grinder gestures at you. Pain shoots through your body!
* * * LOW HITPOINT WARNING * * *
Unknown command.
Attack: -) Claws
Press: ? - help, Dir - move target, f - you, p - Grinder
Okay, then.
Unknown command.
You swing at nothing.
Grinder blinks!
You swing at nothing.
You closely miss Grinder.
Grinder is heavily wounded.
Grinder barely misses you.
You closely miss Grinder.
Grinder is heavily wounded.
Grinder hits you!
* * * LOW HITPOINT WARNING * * *
You writhe in agony.
You die...

#* #.##.#....# ###.##.##...#
#...##......#
###.######...)###### ....#
#.........########### ##..#
#............##.....## ##.#
##....................## #.#
#........5.............# # #.##
##(#.....@.......<......#
###..###..#####................#
........)######.....>..........#
...............................#
...##.......###................#
##..........# ##..............##
#.##.#.##### ##.....##.....##
##.#..#.## ####.#########
.....##..####### #.#


You could see Grinder.

Vanquished Creatures
  Sigmund (D:2)
  2 orc priests (D:2)
  2 orc wizards (D:2)
  An adder (D:2)
  3 worms
  An orc (D:1)
  3 ball pythons (D:1)
  2 endoplasms
  2 giant cockroaches
  3 goblins
  5 hobgoblins
  5 jackals (D:1)
  6 kobolds
  A quokka (D:3)
  5 bats
  3 frilled lizards
  3 rats
48 creatures vanquished.

Notes
Turn   | Place    | Note
-------+----------+-------------------------------------------
     0 | D:1      | HallandMoats the Demonspawn Fighter began the quest for the
                  | Orb.
     0 | D:1      | Reached XP level 1. HP: 18/18 MP: 1/1
   284 | D:1      | Gained mutation: You have sharp fingernails. [demonic
                  | ancestry]
   284 | D:1      | Reached XP level 2. HP: 24/24 MP: 2/2
   385 | D:1      | Found Kimm's Assorted Antiques.
   547 | D:1      | Reached skill level 1 in Invocations
   930 | D:2      | Gained mutation: You have very sharp fingernails. [demonic
                  | ancestry]
   930 | D:2      | Reached XP level 3. HP: 13/29 MP: 3/3
  1300 | D:2      | Reached skill level 1 in Dodging
  1300 | D:2      | Reached skill level 1 in Unarmed Combat
  1304 | D:2      | Gained mutation: You have claws for hands. [demonic
                  | ancestry]
  1304 | D:2      | Reached XP level 4. HP: 15/35 MP: 3/5
  1309 | D:2      | Gained mutation: You are partially covered in rugged brown
                  | scales. (AC +1, +3% HP) [demonic ancestry]
  1309 | D:2      | Reached XP level 5. HP: 6/42 MP: 4/6
  1966 | D:3      | Noticed Grinder
  2157 | D:3      | Found Ajuar's Antique Weapon Shop.
  2170 | D:3      | Bought a bloodstained trident for 161 gold pieces
  2170 | D:3      | Identified the +5 trident of Resumed Hostilities {flame,
                  | Will+ Dex+5} (You bought it in a shop on level 3 of the
                  | Dungeon)
  2215 | D:3      | Noticed Sigmund
  2488 | D:2      | Killed Sigmund
  2489 | D:2      | Gained mutation: You are mostly covered in rugged brown
                  | scales. (AC +2, +5% HP) [demonic ancestry]
  2489 | D:2      | Reached XP level 6. HP: 23/50 MP: 6/8
  2665 | D:3      | Paralysed by Grinder for 4 turns
  2685 | D:3      | Paralysed by Grinder for 4 turns
  2696 | D:3      | Paralysed by Grinder for 7 turns
  2708 | D:3      | HP: 1/50 [Grinder (8)]
  2708 | D:3      | Slain by Grinder

Illustrated notes

Levels and vault maps discovered:
D:1:      minmay_arrival_open_corners, layout_loops_corners, serial_shops, shop,
          columned_hall_lemuel
D:2:      layout_basic
D:3:      layout_rooms, serial_shops, nicolae_shop_trees, uniq_grinder,
          uniq_sigmund

Skill      XL: |  1  2  3  4  5 |
---------------+----------------+-----
Invocations    | 1 2 |  2.8
Armour         | 3 |  3.5
Dodging        | 1 |  1.9
Unarmed Combat | 1 2 |  2.7
Shields        | 3 |  3.3
Fighting       | |  3.8
Axes           | |  1.9

Action                   |  1- 3 |  4- 6 || total
-------------------------+-------+-------++-------
Melee: War axe           |    58 |     5 ||    63
       Unarmed           |       |    60 ||    60
       Trident           |       |     8 ||     8
  Use: Potion            |     1 |     1 ||     2
       Scroll            |       |     7 ||     7
Armor: Scale mail        |    35 |    27 ||    62
Dodge: Dodged            |    31 |    37 ||    68
Block: Buckler           |    12 |     1 ||    13
